cohdb
Replays
Latest Replays
All Replays
Popular Replays
Top Player Replays
Match Explorer
How It Works
Community
CoH3 Stats
Reddit
Sign in to upload your games and track your stats! →
Sign in with Steam
Match 40730108
Unlisted
Match 40730108
Overview
Messages
Build Orders
End
Engineer Squad
Construct Weapon Support Center
Selects Heavy Weapons
M1919 Machine Gun Team
Sniper
Construct Barracks
Riflemen Squad
Infantry Support Center
Construct Medical Station
Grenade Package
Selects Assault Carriers
M3 Assault Carrier
M1918 Browning Automatic Rifles
Riflemen Squad
Riflemen Squad
Munitions Surplus
Demolitions Package
Selects Exchangeable Parts
Selects Halftrack Strongpoints
Advanced Logistics
.30 cal Machine Gun
Construct Tank Depot
.30 cal Machine Gun
Elite Gamer Beef Chugger
💀Punisher💀
narrzilla
PH0BB05
彡★🔻SALADIN🔻★彡
EL-Z3AMA 5:40
Zingo Elzengy
MEZO
0
0
Comments
sign in to comment!
No comments posted yet!